 Dungeon Crawl Stone Soup version 0.21-a0-507-ga8f6b7a (webtiles) character file.

280 Goblin1989 the Shield-Bearer (level 6, -2/53 HPs)
             Began as a Gnoll Fighter on Nov 27, 2017.
             Slain by a kobold
             ... wielding a +0 dagger of electrocution
              (14 damage)
             ... in a sewer.
             The game lasted 00:06:22 (2973 turns).

Goblin1989 the Shield-Bearer (Gnoll Fighter)        Turns: 2973, Time: 00:06:22

Health: -2/53      AC:  7    Str: 18 (21) XL:     6   Next: 27%
Magic:  8/8        EV:  8    Int:  8 (10) God:
Gold:   113        SH: 10    Dex: 11 (14) Spells: 8/8 levels left

rFire    . . .     SeeInvis .   a - +0 flail
rCold    . . .     Gourm    +   c - +0 shield
rNeg     . . .     Faith    .   b - +0 scale mail
rPois    .         Spirit   .   (no helmet)
rElec    .         Reflect  .   (no cloak)
rCorr    .         Harm     .   (no gloves)
MR       .....                  (no boots)
Stlth    ..........             v - amulet of the gourmand
HPRegen  0.17/turn              o - ring of loudness (curse)
MPRegen  0.11/turn              (no ring)

@: drained
A: distributed training, fangs 1, strong nose
a: no special abilities


You were in a sewer.
You were very full.

You visited 1 branch of the dungeon, and saw 3 of its levels.
You also visited: Sewer.

You collected 113 gold pieces.

Inventory:

Hand Weapons
 a - a +0 flail (weapon)
 A - a +0 blowgun {@w1}
Missiles
 l - 45 bolts
 n - 35 stones (quivered)
 x - 27 sling bullets
 z - 8 poisoned needles
 B - 2 curare-tipped needles
Armour
 b - a +0 scale mail (worn)
 c - a +0 shield (worn)
Jewellery
 o - a cursed ring of loudness (left hand)
 p - an uncursed amulet of guardian spirit
 v - an amulet of the gourmand (around neck)
Scrolls
 g - 4 scrolls of identify {unknown}
 t - a scroll of enchant weapon {unknown}
Potions
 j - a potion of ambrosia
 m - a potion of cancellation
 q - 2 potions of flight {unknown}
 r - a potion of berserk rage {unknown}
 s - a potion of mutation {unknown}
 u - a potion of brilliance {unknown}
Comestibles
 e - a bread ration {@e1}
 h - a meat ration {@e2}
 y - a royal jelly


   Skills:
 + Level 6.8(6.5) Fighting
 + Level 1.8(1.6) Short Blades
 + Level 1.8(1.6) Long Blades
 + Level 1.8(1.6) Axes
 + Level 4.9(4.7) Maces & Flails
 + Level 1.8(1.6) Polearms
 + Level 1.8(1.6) Staves
 + Level 1.8(1.6) Slings
 + Level 1.8(1.6) Bows
 + Level 1.8(1.6) Crossbows
 + Level 1.8(1.6) Throwing
 + Level 6.8(6.5) Armour
 + Level 1.8(1.6) Dodging
 + Level 1.8(1.6) Stealth
 + Level 6.8(6.5) Shields
 + Level 1.8(1.6) Unarmed Combat
 + Level 1.8(1.6) Spellcasting
 + Level 1.4(1.2) Conjurations
 + Level 1.4(1.2) Hexes
 + Level 1.4(1.2) Charms
 + Level 1.4(1.2) Summonings
 + Level 1.4(1.2) Necromancy
 + Level 1.4(1.2) Translocations
 + Level 1.4(1.2) Transmutations
 + Level 1.4(1.2) Fire Magic
 + Level 1.4(1.2) Ice Magic
 + Level 1.4(1.2) Air Magic
 + Level 1.4(1.2) Earth Magic
 + Level 1.4(1.2) Poison Magic
 + Level 2.0(1.8) Invocations
 + Level 1.8(1.6) Evocations


You had 8 spell levels left.
You didn't know any spells.

Dungeon Overview and Level Annotations

Branches:
Dungeon (3/15)

Altars:
Ru
Trog
The Shining One

Annotations:
D:3 Terence Sewer Grinder


Innate Abilities, Weirdness & Mutations

Your experience applies equally to all skills.
You have very sharp teeth.
Your uncanny sense of smell can sniff out nearby items.


Message History

MP restored: 8 Unknown command.
You thump the ooze! You bite the ooze.
You kill the ooze!
No target in view!
No target in view!
No target in view!
No target in view!
No target in view!
No target in view!
You butcher the bat corpse.
C - a chunk of flesh
There is an open door here. x2
Eating a chunk of flesh.
You eat the chunk of flesh.
This raw flesh tastes great.
Things that are here:
a dagger; a big kobold corpse You open the gate.
Marking area around Grinder as unsafe for travelling. 3 kobolds and Grinder come into view.
A kobold is wielding a dagger of electrocution.
Grinder shouts!
The kobold shouts! x3
The kobold unwields an uncursed short sword.
The kobold wields a hand crossbow.
The kobold shoots a bolt.
You block the bolt.
Health restored: 53 Unknown command.
Drop what? 28/52 slots (_ for help) (? for menu, Esc to quit)
You drop a blowgun {@w1}.
Grinder gestures at you.
You suddenly lose the ability to move!
Grinder blinks!
The kobold shoots a bolt.
The bolt hits you but does no damage.
Grinder drinks a potion.
Grinder seems to grow stronger.
Grinder hits you but does no damage. The kobold hits you but does no damage.
The kobold hits you with a dagger. Grinder hits you.
You writhe in agony.
You can move again.
You take 8 damage, and have 45/53 hp.
Unknown command.
You feel very mighty all of a sudden. The kobold hits you but does no damage.
You are electrocuted!
You block the kobold's attack. Grinder hits you!
You writhe in agony.
You take 20 damage, and have 25/53 hp.
MASSIVE DAMAGE!!
Unknown command.
You sock Grinder!
Grinder is moderately wounded.
The kobold hits you but does no damage. x2
Grinder hits you but does no damage. The kobold hits you but does no damage.
You are electrocuted!
* * * LOW HITPOINT WARNING * * *
You take 12 damage, and have 13/53 hp.
MASSIVE DAMAGE!!
You thump Grinder! Your bite misses Grinder.
Grinder is severely wounded.
You block the kobold's attack.
Grinder blinks!
You block the kobold's attack.
Unknown command.
Unknown command.
It was a potion of cancellation.
Your magical effects are unravelling.
You feel magically purged.
You feel a little less mighty now. You block the kobold's attack.
Grinder blinks!
The kobold hits you but does no damage.
The kobold unwields an uncursed hand crossbow.
The kobold wields an uncursed short sword.
The kobold hits you with an uncursed short sword.
* * * LOW HITPOINT WARNING * * *
You take 3 damage, and have 10/53 hp.
Unknown command.
Unknown command.
It was a potion of ambrosia.
You are confused.
You feel invigorated. The kobold hits you but does no damage.
The kobold closely misses you.
You regained 5 hp, and now have 15/53 hp.
It was a potion of curing.
You feel better.
You feel less invigorated. The kobold hits you but does no damage.
You block the kobold's attack. x2
You regained 12 hp, and now have 27/53 hp.
Unknown command.
You barely miss the kobold. You block the kobold's attack.
The kobold hits you with a dagger.
The kobold hits you with a dagger of electrocution.
The kobold hits you with an uncursed short sword.
* * * LOW HITPOINT WARNING * * *
You take 4 damage, and have 23/53 hp.
Unknown command.
Unknown command.
Unknown command.
It was a potion of degeneration.
There was something very wrong with that liquid.
You feel weakened.
You feel dopey.
You feel clumsy. You block the kobold's attack.
The kobold hits you but does no damage.
You are electrocuted!
* * * LOW HITPOINT WARNING * * *
The kobold barely misses you.
You take 11 damage, and have 12/53 hp.
MASSIVE DAMAGE!!
It was a potion of magic.
Magic courses through your body. You block the kobold's attack.
Grinder blinks!
The kobold hits you but does no damage.
You are electrocuted!
You die... ≈≈≈≈≈≈..≈.≈█ ≈≈≈≈≈≈≈█...█ ██!██ ███████████.██ █???█

≈≈≈≈≈≈≈..∆.≈≈███...██
≈≈≈≈≈≈≈≈.█).≈██.....█
≈≈≈≈≈≈≈≈.█..≈██.≈≈§.█
≈≈≈≈≈≈≈≈.█.≈≈█ .§...█
≈≈≈≈≈≈≈..█.≈≈█ █KK∆█
≈≈≈≈≈≈...█.≈≈███@K5██
≈███≈█.████.███..§..██
.....≈.≈≈█≈..█)....§.▲
≈≈≈≈≈.≈≈≈≈≈..∆.§.⌂...▲
.......≈≈█≈..█.....§.▲
██≈███.████.███..§..██
≈≈≈≈≈≈...█.≈≈███...██
≈≈≈≈≈≈≈..█.≈≈█


█▲▲▲█ ≈≈≈≈≈≈≈≈.█.≈≈█ You could see Grinder and 3 kobolds.

Vanquished Creatures
  A big kobold (Sewer)
  Jessica (D:2)
  A big kobold zombie (Sewer)
  4 adders
  2 shadow imps (Sewer)
  An ufetubus (Sewer)
  4 oozes
  2 worms (D:2)
  5 dart slugs
  A leopard gecko (D:1)
  An orc (D:3)
  12 bats
  6 goblins
  4 hobgoblins
  6 jackals (D:2)
  17 kobolds
  A quokka (D:2)
  A ball python (D:2)
  4 frilled lizards
  11 rats
85 creatures vanquished.

Vanquished Creatures (others)
  An ooze (Sewer)
1 creature vanquished.

Grand Total: 86 creatures vanquished

Notes
Turn   | Place    | Note
-------+----------+-------------------------------------------
     0 | D:1      | Goblin1989 the Gnoll Fighter began the quest for the Orb.
     0 | D:1      | Reached XP level 1. HP: 23/23 MP: 1/1
    80 | D:1      | Reached XP level 2. HP: 17/29 MP: 2/2
   546 | D:1      | Reached XP level 3. HP: 34/35 MP: 3/3
   724 | D:1      | Reached skill level 1 in Invocations
  1000 | D:2      | Reached skill level 1 in Short Blades
  1000 | D:2      | Reached skill level 1 in Long Blades
  1000 | D:2      | Reached skill level 1 in Axes
  1000 | D:2      | Reached skill level 1 in Polearms
  1000 | D:2      | Reached skill level 1 in Staves
  1000 | D:2      | Reached skill level 1 in Slings
  1000 | D:2      | Reached skill level 1 in Bows
  1000 | D:2      | Reached skill level 1 in Crossbows
  1000 | D:2      | Reached skill level 1 in Throwing
  1000 | D:2      | Reached skill level 1 in Dodging
  1000 | D:2      | Reached skill level 1 in Stealth
  1000 | D:2      | Reached skill level 1 in Unarmed Combat
  1000 | D:2      | Reached skill level 1 in Spellcasting
  1000 | D:2      | Reached skill level 1 in Evocations
  1095 | D:2      | Reached XP level 4. HP: 41/41 MP: 5/5
  1235 | D:2      | Noticed Jessica
  1238 | D:2      | Killed Jessica
  1299 | D:2      | Reached skill level 1 in Conjurations
  1299 | D:2      | Reached skill level 1 in Hexes
  1299 | D:2      | Reached skill level 1 in Charms
  1299 | D:2      | Reached skill level 1 in Summonings
  1299 | D:2      | Reached skill level 1 in Necromancy
  1299 | D:2      | Reached skill level 1 in Translocations
  1299 | D:2      | Reached skill level 1 in Transmutations
  1299 | D:2      | Reached skill level 1 in Fire Magic
  1299 | D:2      | Reached skill level 1 in Ice Magic
  1299 | D:2      | Reached skill level 1 in Air Magic
  1299 | D:2      | Reached skill level 1 in Earth Magic
  1299 | D:2      | Reached skill level 1 in Poison Magic
  1670 | D:2      | Found a sacrificial altar of Ru.
  2014 | D:2      | Found a glowing golden altar of the Shining One.
  2070 | D:3      | Found a bloodstained altar of Trog.
  2085 | D:2      | Reached XP level 5. HP: 47/47 MP: 6/6
  2201 | D:3      | Noticed Terence
  2206 | D:3      | Found a glowing drain.
  2215 | Sewer    | Entered a sewer
  2887 | Sewer    | Found a burning altar of Makhleb.
  2887 | Sewer    | Noticed a big kobold
  2898 | Sewer    | Killed a big kobold
  2898 | Sewer    | Reached XP level 6. HP: 43/53 MP: 8/8
  2958 | Sewer    | Noticed Grinder
  2959 | Sewer    | Paralysed by Grinder for 6 turns
  2973 | Sewer    | Slain by a kobold

Vault maps used:
D:1:      erik_arrival_triangle_medium, minmay_tromino_i4
D:2:      tso_oasis_becter, kennysheep_pointless_box, roderic_lattice_a,
          nicolae_ru_path_of_blood, uniq_jessica
D:3:      marbit_many_paths, overflow_temple_1_default, vehumet_crystals,
          cheibriados_altar_1, portal_sewer_entry_a, uniq_robin, uniq_terence
Sewer:    kennysheep_sewer_church

Skill      XL: |  1  2  3  4  5 |
---------------+----------------+-----
Invocations    | 1 2 |  2.0
Short Blades   | 1 |  1.8
Long Blades    | 1 |  1.8
Axes           | 1 |  1.8
Polearms       | 1 |  1.8
Staves         | 1 |  1.8
Slings         | 1 |  1.8
Bows           | 1 |  1.8
Crossbows      | 1 |  1.8
Throwing       | 1 |  1.8
Dodging        | 1 |  1.8
Stealth        | 1 |  1.8
Unarmed Combat | 1 |  1.8
Spellcasting   | 1 |  1.8
Evocations     | 1 |  1.8
Conjurations   | 1 |  1.4
Hexes          | 1 |  1.4
Charms         | 1 |  1.4
Summonings     | 1 |  1.4
Necromancy     | 1 |  1.4
Translocations | 1 |  1.4
Transmutations | 1 |  1.4
Fire Magic     | 1 |  1.4
Ice Magic      | 1 |  1.4
Air Magic      | 1 |  1.4
Earth Magic    | 1 |  1.4
Poison Magic   | 1 |  1.4
Fighting       | |  6.8
Maces & Flails | |  4.9
Armour         | |  6.8
Shields        | |  6.8

Action                   |  1- 3 |  4- 6 || total
-------------------------+-------+-------++-------
Melee: Flail             |   135 |   138 ||   273
       Bite              |    14 |    24 ||    38
  Use: Potion            |       |     6 ||     6
  Eat: Chunk             |     1 |    25 ||    26
Armor: Scale mail        |    74 |    58 ||   132
Dodge: Dodged            |    51 |    52 ||   103
Block: Shield            |    86 |   110 ||   196

Table legend:
 A = Spawn XP
 B = Non-spawn XP
 C = Spawn XP percentage of total XP
 D = Spawn monster count
 E = Non-spawn monster count
 F = Spawn count percentage of total count
 G = Total turns spent on level
                    A         B        C        D         E        F      G
               +---------+---------+-------+---------+---------+-------+---------
         Total |       0 |     400 |   0.0 |       0 |      85 |   0.0 |  2973
               +---------+---------+-------+---------+---------+-------+---------
           D:1 |       0 |      67 |   0.0 |       0 |      34 |   0.0 |   974
           D:2 |       0 |      98 |   0.0 |       0 |      26 |   0.0 |  1150
           D:3 |       0 |      30 |   0.0 |       0 |       4 |   0.0 |    91
         Sewer |       0 |     205 |   0.0 |       0 |      21 |   0.0 |   758
               +---------+---------+-------+---------+---------+-------+---------

Vault maps used:
D:1:      erik_arrival_triangle_medium, minmay_tromino_i4
D:2:      tso_oasis_becter, kennysheep_pointless_box, roderic_lattice_a,
          nicolae_ru_path_of_blood, uniq_jessica
D:3:      marbit_many_paths, overflow_temple_1_default, vehumet_crystals,
          cheibriados_altar_1, portal_sewer_entry_a, uniq_robin, uniq_terence
Sewer:    kennysheep_sewer_church
